 Dungeon Crawl Stone Soup version 0.17-a0-1830-g81820eb (webtiles) character file.

3067 Medar the Changer (level 9, -4/57 HPs)
             Began as an Octopode Transmuter on Sept 13, 2015.
             Slain by a troll (11 damage)
             ... on level 8 of the Dungeon.
             The game lasted 00:34:55 (11994 turns).

Medar the Changer (Octopode Transmuter)            Turns: 11994, Time: 00:34:55

Health: -4/57      AC:  1    Str:  9    XL:     9   Next: 88%
Magic:  14/17      EV: 14    Int: 18    God:
Gold:   89         SH:  7    Dex: 15    Spells: 5 memorised, 4 levels left

rFire  . . .     SeeInvis .     a - +5 hand axe (elec)
rCold  . . .     Clarity  .     f - +2 buckler
rNeg   + . .     SustAt   .     (helmet restricted)
rPois  .         Gourm    +     E - amulet of the gourmand
rElec  .         Spirit   .     q - +2 ring of dexterity
rCorr  .         Warding  .     M - ring of positive energy
rMut   .         Stasis   .     (no ring)
MR     .....                    (no ring)
Stlth  ++++......               (no ring)
                                (no ring)
                                (no ring)
                                (no ring)

@: appendage, not resistant to hostile enchantments, stealthy
A: almost no armour, amphibious, 8 rings, constrict 8, tentacle spike 3,
camouflage 1, gelatinous body 1
a: End Transformation


You were on level 8 of the Dungeon.
You were not hungry.
One of your tentacles had a temporary spike.
You visited 2 branches of the dungeon, and saw 9 of its levels.
You also visited: Sewer.

You collected 325 gold pieces.
You spent 236 gold pieces at shops.

Inventory:

Hand weapons
 a - a +5 hand axe of electrocution (weapon)
Missiles
 k - 21 poisoned needles
 n - 12 tomahawks (quivered)
 o - 57 arrows
 u - 2 javelins
Armour
 f - a +2 buckler (worn)
Rods
 P - a +2 rod of destruction (10/10) {!a}
   (You took it off an orc on level 7 of the Dungeon)
Jewellery
 q - a +2 ring of dexterity (left tentacle)
 E - an amulet of the gourmand (around mantle)
 M - a ring of positive energy (right tentacle)
Magical devices
 m - a wand of magic darts (14)
 C - a wand of disintegration (8)
 D - a wand of slowing (12)
 G - a wand of flame (24)
 K - a wand of cold (6)
 L - a wand of hasting (5)
Scrolls
 d - a scroll of amnesia {unknown}
 h - a scroll of teleportation
 j - 2 scrolls of magic mapping
 p - a scroll of noise
 s - 8 scrolls of remove curse {@r1}
 y - a scroll of immolation {unknown}
 A - a scroll of random uselessness {unknown}
Potions
 e - a potion of magic
 v - a potion of agility
 w - 2 potions of flight
 x - 2 potions of brilliance
 B - a potion of heal wounds
 F - a potion of curing {@q1}
 I - a potion of cure mutation {unknown}
 J - a potion of lignification
 Q - a potion of degeneration {unknown}
Books
 b - a book of Changes

   Spells                             Type                      Level
   a - Beastly Appendage              Transmutation                1
   b - Sticks to Snakes               Transmutation                2
   c - Spider Form                    Transmutation/Poison         3
   d - Ice Form                       Ice/Transmutation            4
   e - Blade Hands                    Transmutation                5
 H - a book of Callings

   Spells                             Type                      Level
   a - Summon Small Mammal            Summoning                    1
   b - Call Imp                       Summoning                    2
   c - Call Canine Familiar           Summoning                    3
   d - Summon Guardian Golem          Hexes/Summoning              3
   e - Summon Lightning Spire         Summoning/Air                4
   f - Summon Ice Beast               Ice/Summoning                4
Comestibles
 c - 7 bread rations {@e1}
 g - 4 meat rations {@e2}
 r - 2 slices of pizza
 t - a royal jelly
 N - 3 fruits


   Skills:
 - Level 3.3 Fighting
 - Level 2.4 Axes
 - Level 3.7 Dodging
 - Level 4.7 Stealth
 - Level 4.0 Shields
 + Level 5.4 Unarmed Combat
 - Level 5.7 Spellcasting
 - Level 7.7 Transmutations
 - Level 2.0 Ice Magic
 - Level 1.9 Poison Magic


You had 4 spell levels left.
You knew the following spells:

 Your Spells              Type           Power        Failure   Level  Hunger
d - Sticks to Snakes      Trmt           ####......   1%          2    None
f - Spider Form           Trmt/Pois      ###.......   6%          3    ##.....
g - Ice Form              Ice/Trmt       ###.....     21%         4    ####...
h - Blade Hands           Trmt           ####......   17%         5    #####..
s - Beastly Appendage     Trmt           ####..       1%          1    None


Dungeon Overview and Level Annotations

Branches:
Dungeon (8/15)             Temple (1/1) D:5
   Lair: D:8-11

Altars:
Ashenzari
Cheibriados
Dithmenos
Elyvilon
Fedhas
Gozag
Kikubaaqudgha
Makhleb
Nemelex Xobeh
Okawaru
Qazlal
Ru
Sif Muna
Trog
Xom
Yredelemnul
The Shining One

Shops:
D:6 *   D:8 [

Annotations:
D:2 Sigmund
D:6 exclusion: orc wizard, Prince Ribbit


Innate Abilities, Weirdness & Mutations

You cannot wear most types of armour.
You are amphibious.
You can wear up to eight rings at the same time.
You can use your tentacles to constrict eight enemies at once.
Your skin changes colour to match your surroundings (Stealth).
Your rubbery body absorbs attacks (AC +1).
One of your tentacles bears a large vicious spike.


Message History

Your ball python barely misses the troll.
Your ball python barely misses the troll.
Your ball python bites the troll but does no damage.
Your ball python completely misses the troll.
Casting: Beastly Appendage
Confirm with . or Enter, or press ? or * to list all spells.
You create a snake!
Your adder bites the troll.
Your adder bites the troll but does no damage.
You hear a distant slurping noise.
Your adder bites the troll.
Casting: Sticks to Snakes
Confirm with . or Enter, or press ? or * to list all spells.
You create some snakes!
Your adder barely misses the troll.
The troll bites you!!
* * * LOW HITPOINT WARNING * * *
The troll claws you.
* * * LOW HITPOINT WARNING * * *
The troll claws you!
You die...

#.#.#.#.#.#.#.#.#.#.#.#.#
.#.#.#.#.#.#.#.#.#.#.#.# #+#
.88######.#.##########.#.....
.#8.......#......#..).........
∩'..# ##########.#.####..(...O
'#8## #.SSS.S...# .#..... .88#
#.#####S### ....... .### #.#
#T# #...... ##########.# #@#
.. ..# ......S..#S#####S#
..#^.# .......S.......S.#
########<#.#######
.........#.# .#######.#.#
.........#.# #.######.#.# #.#
#.#..


You could see a troll, 2 friendly adders and 2 friendly ball pythons.

Vanquished Creatures
  A kobold demonologist (Sewer)
  Grinder (Sewer)
  Eustachio (D:6)
  Menkaure (D:6)
  Edmund (D:6)
  A wasp (D:7)
  An ice beast (D:5)
  An orc warrior (D:7)
  A phantom (D:5)
  A sky beast (D:7)
  2 ogres (D:6)
  A centaur (D:7)
  A big kobold (Sewer)
  2 giant frogs
  2 scorpions
  4 killer bees (D:7)
  2 crimson imps
  A giant frog zombie (D:6)
  3 worker ants
  4 giant frog skeletons
  2 hounds
  An iguana (D:5)
  3 jellies
  3 orc priests
  4 orc wizards (D:7)
  A centaur skeleton (D:6)
  3 big kobold zombies (Sewer)
  A hound zombie (D:6)
  3 gnolls (D:6)
  A hound skeleton (D:5)
  9 adders
  5 shadow imps
  2 river rats (D:5)
  An ufetubus (Sewer)
  3 oozes (Sewer)
  An adder zombie (Sewer)
  2 worms
  2 adder skeletons
  3 giant geckos
  22 orcs
  8 hobgoblins
  6 jackals
  24 kobolds
  4 quokkas
  A ball python skeleton (D:6)
  9 bats
  6 giant cockroaches
  A giant gecko skeleton (D:5)
  5 giant newts
  10 goblins
  2 kobold zombies (Sewer)
  A quokka zombie (D:5)
  8 rats
189 creatures vanquished.

Vanquished Creatures (collateral kills)
  Jessica (D:2)
  Robin (D:2)
  An adder (Sewer)
  A shadow imp (Sewer)
  A hobgoblin (D:2)
  2 goblins (D:2)
7 creatures vanquished.

Vanquished Creatures (others)
  An ooze (Sewer)
  A giant cockroach (Sewer)
2 creatures vanquished.

Grand Total: 198 creatures vanquished

Notes
Turn   | Place    | Note
--------------------------------------------------------------
     0 | D:1      | Medar the Octopode Transmuter began the quest for the Orb.
     0 | D:1      | Reached XP level 1. HP: 13/13 MP: 3/3
   346 | D:1      | Reached XP level 2. HP: 12/18 MP: 3/5
   752 | D:1      | Learned a level 2 spell: Sticks to Snakes
   942 | D:1      | Reached skill level 4 in Unarmed Combat
  1141 | D:1      | Reached XP level 3. HP: 23/23 MP: 6/6
  1146 | D:1      | Learned a level 3 spell: Spider Form
  1660 | D:2      | Reached skill level 1 in Poison Magic
  1779 | D:2      | Found a snail-covered altar of Cheibriados.
  1790 | D:2      | Found an opulent altar of Gozag.
  1790 | D:2      | Found a sacrificial altar of Ru.
  1790 | D:2      | Noticed Sigmund
  2210 | D:2      | Noticed Robin
  2251 | D:2      | Killed Robin
  2251 | D:2      | Reached XP level 4. HP: 7/28 MP: 3/7
  2561 | D:2      | Noticed Jessica
  2568 | D:2      | Killed Jessica
  3053 | D:3      | Reached skill level 1 in Stealth
  3182 | D:3      | Reached XP level 5. HP: 27/33 MP: 8/8
  3547 | D:3      | Reached skill level 1 in Axes
  4471 | D:5      | Entered Level 5 of the Dungeon
  4481 | D:5      | Found a staircase to the Ecumenical Temple.
  4489 | Temple   | Entered the Ecumenical Temple
  4855 | D:5      | Found a glowing drain.
  4862 | Sewer    | Entered a sewer
  4864 | Sewer    | Reached XP level 6. HP: 38/38 MP: 8/10
  5033 | Sewer    | Learned a level 4 spell: Ice Form
  5435 | Sewer    | Reached skill level 1 in Ice Magic
  5576 | Sewer    | Found a burning altar of Makhleb.
  5585 | Sewer    | Noticed Grinder
  5611 | Sewer    | Noticed an apprentice kobold demonologist
  5621 | Sewer    | Killed Grinder
  5621 | Sewer    | Reached skill level 5 in Transmutations
  5621 | Sewer    | Reached XP level 7. HP: 21/43 MP: 7/11
  5624 | Sewer    | Killed an apprentice kobold demonologist
  5624 | Sewer    | Reached skill level 6 in Transmutations
  5624 | Sewer    | Reached XP level 8. HP: 23/48 MP: 7/12
  5975 | D:5      | Reached skill level 7 in Transmutations
  6012 | D:5      | Found a white marble altar of Elyvilon.
  6024 | D:5      | Noticed a phantom
  6059 | D:5      | Killed a phantom
  6619 | D:5      | Noticed an ice beast
  6638 | D:5      | Killed an ice beast
  7187 | D:6      | Noticed Prince Ribbit
  7437 | D:6      | Noticed Eustachio
  7585 | D:6      | Killed Eustachio
  7619 | D:6      | Noticed Menkaure
  7863 | D:6      | Killed Menkaure
  7863 | D:6      | Reached skill level 5 in Spellcasting
  8373 | D:6      | Found Eliyfafi's Assorted Antiques.
  8379 | D:6      | Bought a potion of curing for 51 gold pieces
  8379 | D:6      | Bought a scroll of identify for 34 gold pieces
  8379 | D:6      | Bought an orange potion for 15 gold pieces
  8379 | D:6      | Bought a fluorescent wand for 68 gold pieces
  8379 | D:6      | Bought a wooden wand for 68 gold pieces
  8398 | D:6      | Reached skill level 1 in Shields
  8398 | D:6      | Reached XP level 9. HP: 39/53 MP: 15/17
  8668 | D:6      | Noticed Edmund
  8732 | D:6      | Killed Edmund
  9556 | D:7      | Found a shimmering altar of Xom.
 11213 | D:7      | Identified a +2 rod of destruction (10/10) {!a} (You took it off an orc on level 7 of the Dungeon)
 11389 | D:7      | Learned a level 5 spell: Blade Hands
 11661 | D:8      | Reached skill level 5 in Unarmed Combat
 11939 | D:8      | Found Verueck's Armour Boutique.
 11994 | D:8      | Slain by a troll

Vault maps used:
D:1:      lightli_arrival_lavapool
D:2:      gammafunk_temple_overflow_forgotten, uniq_sigmund, uniq_jessica,
          uniq_robin
D:3:      kennysheep_pointless_box
D:4:      first_bread, kennysheep_cluttered_room
D:5:      kennysheep_mini, minmay_temple_entry_junction,
          gup_sewer_entry_bubbles, serial_co_window_serial,
          co_window_of_opportunity_a, co_window_paths_b, co_window_paths_a,
          co_window_cross_1, co_window_paths_b, co_window_unsneaky_path_a,
          co_window_unsneaky_path_c, co_window_corner_b, co_window_broadway_b,
          co_window_2corner, co_window_paths_d, co_window_4corner_b,
          glass_columns_b, glass_columns_b, glass_columns_a, glass_columns_a,
          glass_columns_a
D:6:      serial_shops, nicolae_shop_competitors_out_of_business, serial_curves,
          eino_curves_02, eino_curves_01, minmay_misc_feat_hallway,
          uniq_grinder, uniq_prince_ribbit1, uniq_menkaure, uniq_eustachio,
          uniq_edmund
D:7:      lemuel_doored_altar
D:8:      serial_shops, kennysheep_mini_moat
Temple:   circular_temple_pool_12
Sewer:    kennysheep_sewer_church

Action                   |  1- 3 |  4- 6 |  7- 9 || total
-------------------------+-------+-------+-------++-------
Melee: Unarmed           |    99 |    21 |    37 ||   157
       Club              |       |    12 |       ||    12
       Hand axe          |       |   117 |   182 ||   299
 Cast: Beastly Appendage |    15 |     3 |     6 ||    24
       Sticks to Snakes  |     1 |     8 |    17 ||    26
       Spider Form       |       |     2 |     1 ||     3
       Ice Form          |       |       |     2 ||     2
 Abil: End Transformatio |     1 |     1 |     1 ||     3
Evoke: Wand              |       |     1 |       ||     1
  Use: Scroll            |     3 |     8 |     8 ||    19
       Potion            |       |     1 |     6 ||     7
 Stab: Sleeping          |     3 |     8 |     9 ||    20
       Distracted        |       |       |     2 ||     2
  Eat: Chunk             |     4 |    10 |    22 ||    36
       Beef jerky        |       |       |     2 ||     2
       Pizza             |       |       |     1 ||     1
